 Dungeon Crawl Stone Soup version 0.19.5 (webtiles) character file.

142 Qew7 the Skirmisher (level 5, -7/42 HPs)
             Began as a Demonspawn Abyssal Knight on Apr 5, 2017.
             Was a Believer of Lugonu.
             Mangled by Sigmund
             ... wielding a +4 scythe of pain
              (12 damage)
             ... on level 3 of the Dungeon.
             The game lasted 00:08:41 (2648 turns).

Qew7 the Skirmisher (Demonspawn Abyssal Knight)     Turns: 2648, Time: 00:08:42

Health: -7/42      AC:  3    Str: 13    XL:     5   Next: 3%
Magic:  0/7        EV: 11    Int: 13    God:    Lugonu [**....]
Gold:   110        SH:  3    Dex: 13    Spells: 0 memorised, 4 levels left

rFire  . . .     SeeInvis .     a - +1 falchion
rCold  . . .     Gourm    .     b - +0 leather armour
rNeg   + . .     Faith    .     p - +0 buckler {rN+}
rPois  .         Spirit   +     (no helmet)
rElec  .         Reflect  .     (no cloak)
rCorr  +         Harm     .     (no gloves)
MR     .....                    (no boots)
Stlth  +.........               (no amulet)
                                j - ring of resist corrosion
                                g - ring of flight

@: no status effects
A: magic shield, magic regeneration
a: Depart the Abyss, Bend Space, Renounce Religion, Evoke Flight


You were on level 3 of the Dungeon.
You worshipped Lugonu.
Lugonu was pleased with you.
You were not hungry.

You visited 1 branch of the dungeon, and saw 3 of its levels.
You visited the Abyss 1 time.

You collected 110 gold pieces.

Inventory:

Hand Weapons
 a - a +1 falchion (weapon)
 l - a +2 dagger of draining
 o - a +0 lajatang
 q - a +0 hand axe of electrocution
Armour
 b - a +0 leather armour (worn)
 i - a +0 buckler
 p - a +0 buckler of positive energy (worn)
Jewellery
 g - a ring of flight (left hand)
 j - a ring of resist corrosion (right hand)
Scrolls
 d - a scroll of teleportation
 f - a scroll of recharging
Potions
 c - a potion of brilliance
 e - a potion of flight
 h - 4 potions of lignification
Books
 k - a book of Misfortune

   Spells                             Type                      Level
   a - Confusing Touch                Hexes                        1
   b - Confuse                        Hexes                        3
   c - Gell's Gravitas                Hexes/Translocation          3
   d - Petrify                        Transmutation/Earth          4
   e - Metabolic Englaciation         Hexes/Ice                    5
   f - Yara's Violent Unravelling     Hexes/Transmutation          5
Comestibles
 n - 2 bread rations


   Skills:
 + Level 4.0 Fighting
 + Level 3.2 Long Blades
 + Level 2.4 Armour
 + Level 1.4 Dodging
 + Level 0.4 Stealth
 + Level 0.1 Shields
 + Level 2.7 Invocations


You had 4 spell levels left.
You didn't know any spells.

Dungeon Overview and Level Annotations

Branches:
Dungeon (3/15)

Altars:

Annotations:
D:3 Sigmund


Innate Abilities, Weirdness & Mutations

When hurt, damage is shared between your health and your magic reserves.
You regenerate magic rapidly.


Message History

Sigmund is severely wounded.
Sigmund hits you with a scythe of pain.
You barely miss Sigmund.
Sigmund is severely wounded.
Sigmund points at you and mumbles some strange words.
The magic dart hits you!
You closely miss Sigmund.
Sigmund is severely wounded.
Sigmund mumbles some strange words.
Sigmund flickers and vanishes!
Deactivating autopickup; reactivate with Ctrl-A.
You hit something. Something hits you.
You writhe in agony.
You miss something. Something hits you!!
* * * LOW HITPOINT WARNING * * *
You feel better. Something hits you.
You barely miss something. You slash something! Something hits you!
* * * LOW HITPOINT WARNING * * *
You completely miss something. Something hits you!
You die...

##.###
###....#
#....#.#
#.#.##.#
#......#
##[....#
###.....#
####....{..#
#.......@..#
#..........#
#..........#
#..........#
#..........#
#..........#
#..........#
#.........<#
#..........#


There were no monsters in sight!

Vanquished Creatures
  Terence (D:3)
  Natasha (D:2)
  3 adders
  2 worms
  A dart slug (D:1)
  5 leopard geckos
  6 bats
  6 giant cockroaches
  6 goblins (D:1)
  7 hobgoblins
  A quokka (D:2)
  2 frilled lizards (D:1)
  5 kobolds
  7 rats
53 creatures vanquished.

Notes
Turn   | Place    | Note
-------+----------+-------------------------------------------
     0 | Abyss:1  | Qew7 the Demonspawn Abyssal Knight began the quest for the Orb.
     0 | Abyss:1  | Reached XP level 1. HP: 18/18 MP: 2/2
    39 | Abyss:1  | Noticed a raiju
    40 | D:1      | Escaped the Abyss
    94 | D:1      | Reached skill level 1 in Dodging
   152 | D:1      | Reached * piety under Lugonu
   203 | D:1      | Gained mutation: When hurt, damage is shared between your health and your magic reserves. [demonic ancestry]
   203 | D:1      | Reached XP level 2. HP: 12/24 MP: 3/3
   744 | D:1      | Gained mutation: You regenerate magic rapidly. [demonic ancestry]
   744 | D:1      | Reached XP level 3. HP: 26/29 MP: 5/5
  1178 | D:2      | Reached ** piety under Lugonu
  1230 | D:2      | Reached XP level 4. HP: 15/37 MP: 4/6
  1639 | D:2      | Noticed Natasha
  1643 | D:2      | Killed Natasha
  1832 | D:3      | Noticed Terence
  1848 | D:3      | Killed Terence
  1848 | D:3      | Reached skill level 4 in Fighting
  1848 | D:3      | Reached XP level 5. HP: 27/42 MP: 7/7
  1859 | D:3      | Noticed Sigmund
  2648 | D:3      | Mangled by Sigmund

Skill      XL: |  1  2  3  4 |
---------------+-------------+-----
Dodging        | 1 |  1.4
Armour         | 2 |  2.4
Long Blades    | 2 3 |  3.2
Fighting       | 4 |  4.0
Stealth        | |  0.4
Shields        | |  0.1
Invocations    | |  2.7

Action                   |  1- 3 |  4- 6 || total
-------------------------+-------+-------++-------
Melee: Falchion          |   109 |    78 ||   187
Invok: Depart the Abyss  |     1 |       ||     1
  Use: Scroll            |     3 |     3 ||     6
       Potion            |       |     3 ||     3
 Stab: Sleeping          |       |     1 ||     1
  Eat: Bread ration      |     1 |     1 ||     2
Armor: Leather armour    |    36 |    12 ||    48
Dodge: Dodged            |    66 |    41 ||   107
Block: Buckler           |     5 |    11 ||    16
       Rpst.: Falchion   |    17 |    15 ||    32
